 Dungeon Crawl Stone Soup version 0.31-a0-1405-g2bb1a01664 (webtiles) character file.

Game seed: 15103363453830413865

343 pokeman the Magician (level 6, -10/34 HPs)
             Began as a Deep Elf Hedge Wizard on Dec 25, 2023.
             Mangled by Duvessa
             ... wielding a +0 short sword
              (20 damage)
             ... on level 4 of the Dungeon.
             The game lasted 00:06:38 (3513 turns).

pokeman the Magician (Deep Elf Hedge Wizard)        Turns: 3513, Time: 00:06:39

Health: -10/34     AC:  3    Str:  7    XL:     6   Next: 31%
Magic:  3/18       EV: 13    Int: 21    God:
Gold:   165        SH:  0    Dex: 14    Spells: 11/19 levels left

rFire   . . .        t - +1 short sword (speed)
rCold   . . .        (no shield)
rNeg    + . .        b - +0 robe
rPois   .            c - +0 hat
rElec   .            q - +0 cloak
rCorr   .            (no gloves)
SInv    .            (no boots)
Will    .....        a - amulet of regeneration
Stlth   ++           k - ring of positive energy
HPRegen 1.05/turn    (no ring)
MPRegen 0.16/turn

%: no passive effects
@: no status effects
A: no striking features
a: no special abilities


You were on level 4 of the Dungeon.
You visited 1 branch of the dungeon, and saw 4 of its levels.

You collected 165 gold pieces.

Inventory:

Hand Weapons
 t - a +1 short sword of speed (weapon)
Armour
 b - a +0 robe (worn)
 c - a +0 hat (worn)
 m - a +0 buckler
 q - a +0 cloak (worn)
Jewellery
 a - an amulet of regeneration (around neck)
 k - a ring of positive energy (left hand)
Scrolls
 g - a scroll of blinking {unknown}
 h - 3 scrolls of identify {unknown}
 n - a scroll of vulnerability {unknown}
 o - a scroll of torment {unknown}
 p - a scroll of enchant weapon {unknown}
 s - a scroll of enchant armour {unknown}
Potions
 d - 2 potions of magic
 e - a potion of attraction {unknown}
 f - 3 potions of brilliance {unknown}
 i - a potion of resistance {unknown}
 j - a potion of invisibility {unknown}
 l - a potion of curing {unknown}
 r - a potion of haste {unknown}


   Skills:
 + Level 1.3 Fighting
 - Level 1.0 Armour
 - Level 3.0 Dodging
 - Level 3.0 Stealth
 - Level 1.1 Shields
 * Level 7.0 Spellcasting
 + Level 3.1 Conjurations
 - Level 1.1 Summonings
 - Level 1.1 Translocations
 + Level 0.4 Air Magic
 - Level 1.0 Alchemy


You had 11 spell levels left.
You knew the following spells:

 Your Spells              Type           Power      Damage    Failure   Level
a - Magic Dart            Conj           80%        1d7       2%          1
b - Mephitic Cloud        Conj/Alch/Air  13%        N/A       14%         3
c - Call Imp              Summ           24%        N/A       9%          2
d - Blink                 Tloc           24%        N/A       9%          2

Your spell library contained the following spells:

 Spells                   Type           Power      Damage    Failure   Level
 Slow                     Hex            28%        N/A       9%          1
 Cigotuvi's Dreadful Rot  Necr/Alch/Air  18%        N/A       11%         2
 Ozocubu's Armour         Ice            7%         N/A       26%         3
 Metabolic Englaciation   Hex/Ice        3%         N/A       94%         5
 Simulacrum               Ice/Necr       3%         N/A       100%        6


Dungeon Overview and Level Annotations

Branches:
Dungeon (4/15)
 Temple: D:4-7

Altars:
Ashenzari
Kikubaaqudgha

Annotations:
D:4 Duvessa


Message History

Aim: Duvessa, wielding a +0 short sword and wearing a +0 ring mail (almost dead, berserk, confused, 100% to hit)
The magic dart hits Duvessa.
Duvessa is almost dead.
Duvessa rages.
Duvessa hits you with a +0 short sword.
You hit Duvessa but do no damage.
Duvessa is almost dead.
You hit Duvessa but do no damage.
Duvessa is almost dead.
Casting: Magic Dart (safe; 2% risk of failure)
Confirm with . or Enter, or press ? or * to list all spells.
Aiming: Magic Dart (safe; 2% risk of failure)
Press: ? - help, Shift-Dir - straight line, f/p - Duvessa
Aim: Duvessa, wielding a +0 short sword and wearing a +0 ring mail (almost dead, berserk, confused, 100% to hit)
The magic dart hits Duvessa but does no damage.
Duvessa is almost dead.
Duvessa rages.
Casting: Magic Dart (safe; 2% risk of failure)
Confirm with . or Enter, or press ? or * to list all spells.
Aiming: Magic Dart (safe; 2% risk of failure)
Press: ? - help, Shift-Dir - straight line, f/p - Duvessa
Aim: Duvessa, wielding a +0 short sword and wearing a +0 ring mail (almost dead, berserk, confused, 100% to hit)
The magic dart hits Duvessa but does no damage.
Duvessa is almost dead.
Unknown command.
Duvessa hits you with a +0 short sword!
* * * LOW HITPOINT WARNING * * *
You see here a worm corpse.
You hit Duvessa.
Duvessa is almost dead.
Casting: Magic Dart (safe; 2% risk of failure)
Confirm with . or Enter, or press ? or * to list all spells.
Aiming: Magic Dart (safe; 2% risk of failure)
Press: ? - help, Shift-Dir - straight line, f/p - Duvessa
Aim: Duvessa, wielding a +0 short sword and wearing a +0 ring mail (almost dead, berserk, confused, 100% to hit)
The magic dart hits Duvessa but does no damage.
Duvessa is almost dead.
Duvessa hits you with a +0 short sword!!
Ouch! That really hurt!
You die...

.# ######## .#
#......# # .####
. #.####.# #.
....#.# #.# #.#
#.####..P...# #.#
#.# #...........#
#.#
#.#####.)...)...#
#.## #.....)....#
#..# ####.##@°.##
##.#
#.#e...§).... #.#
#.#....°..... #.#
#.#.##.._..## #.#
#... .......# #.#
###. ######## #
#.### #. # #...#
## # ###.#


You could see Duvessa (berserk, confused).

Vanquished Creatures
  2 scorpions
  Dowan (D:4)
  An iguana (D:4)
  2 adders
  A worm (D:4)
  3 dart slugs
  4 orcs
  11 bats
  5 endoplasms
  2 giant cockroaches
  3 goblins
  3 hobgoblins
  6 jackals
  6 quokkas
  4 ball pythons
  2 frilled lizards
  4 kobolds
  7 rats
67 creatures vanquished.

Vanquished Creatures (collateral kills)
  A scorpion (D:3)
1 creature vanquished.

Grand Total: 68 creatures vanquished

Notes
Turn   | Place    | Note
-------+----------+-------------------------------------------
     0 | D:1      | pokeman the Deep Elf Hedge Wizard began the quest for the
                  | Orb.
     0 | D:1      | Reached XP level 1. HP: 10/10 MP: 7/7
   300 | D:1      | Reached XP level 2. HP: 11/16 MP: 4/9
   958 | D:1      | Reached skill level 5 in Spellcasting
  1395 | D:2      | Reached XP level 3. HP: 20/20 MP: 6/11
  1399 | D:2      | Learned a level 3 spell: Mephitic Cloud
  1402 | D:2      | Learned a level 2 spell: Call Imp
  1405 | D:2      | Learned a level 2 spell: Blink
  1599 | D:2      | Reached skill level 1 in Armour
  1651 | D:2      | Upgraded the game from 0.31-a0-1388-g4b2ba238e7 to
                  | 0.31-a0-1405-g2bb1a01664
  1900 | D:2      | Reached skill level 1 in Fighting
  2143 | D:3      | Found a broken altar of Ashenzari.
  2370 | D:3      | Noticed a scorpion
  2371 | D:3      | Noticed a scorpion
  2403 | D:3      | Killed a scorpion
  2404 | D:3      | Reached XP level 4. HP: 10/25 MP: 0/13
  2439 | D:3      | Killed a scorpion
  2440 | D:3      | Reached skill level 6 in Spellcasting
  2440 | D:3      | Reached XP level 5. HP: 21/29 MP: 0/15
  3311 | D:4      | Found an ancient bone altar of Kikubaaqudgha.
  3314 | D:4      | Noticed Dowan
  3314 | D:4      | Noticed Duvessa
  3346 | D:4      | Killed Dowan
  3347 | D:4      | Reached skill level 1 in Shields
  3347 | D:4      | Reached XP level 6. HP: 28/34 MP: 9/17
  3353 | D:4      | Reached skill level 7 in Spellcasting
  3353 | D:4      | Reached skill level 1 in Alchemy
  3513 | D:4      | Mangled by Duvessa

Illustrated notes

Levels and vault maps discovered:
D:1:      dpeg_arrival_refuge, layout_basic, minmay_tripent
D:2:      layout_basic
D:3:      layout_basic, ashenzari_conservatory_becter
D:4:      layout_loops_ring, kiku_gazebo_garden_becter,
          nicolae_overflow_hidden_temple, uniq_duvessa, uniq_eustachio

Skill      XL: |  1  2  3  4  5  6 |
---------------+-------------------+-----
Spellcasting   | 5 6 7 |  7.0
Armour         | 1 |  1.0
Fighting       | 1 |  1.3
Conjurations   | 2 3 |  3.1
Dodging        | 3 |  3.0
Stealth        | 3 |  3.0
Shields        | 1 |  1.1
Alchemy        | 1 |  1.0
Summonings     | |  1.1
Translocations | |  1.1
Air Magic      | |  0.4

Action                     |  1- 3 |  4- 6 || total
---------------------------+-------+-------++-------
  Melee: Dagger            |     9 |       ||     9
         Short sword       |       |    54 ||    54
         Punch             |       |     1 ||     1
   Cast: Magic Dart        |   116 |    43 ||   159
         Mephitic Cloud    |     2 |     6 ||     8
         Call Imp          |     1 |     5 ||     6
    Use: Potion            |     1 |       ||     1
   Stab: Confused          |     1 |     7 ||     8
 Armour: Robe              |    12 |    25 ||    37
  Dodge: Dodged            |    15 |    28 ||    43

Table legend: (Time is in decaauts)
 A = Elapsed time spent in this place.
 B = Non-inter-level travel time spent in this place.
 C = Inter-level travel time spent in this place.
 D = Time resting spent in this place.
 E = Time spent auto-exploring this place.
 F = Levels seen in this place.
 G = Mean time per level.
                   A        B        C        D        E       F      G
               +--------+--------+--------+--------+--------+-----+--------+
         Total |   3492 |   3455 |     37 |     62 |   2920 |   4 |  873.0 |
       Dungeon |   3492 |   3455 |     37 |     62 |   2920 |   4 |  873.0 |
               +--------+--------+--------+--------+--------+-----+--------+

Top non-repeatable levels by time:
     D:1: 1373 daAuts
     D:3: 1248 daAuts
     D:2: 611 daAuts
     D:4: 259 daAuts
